 Dungeon Crawl Stone Soup version 0.30-a0-476-g330ca2eb8e (webtiles) character file.

Game seed: 12323876659906328495

3030 Zonian the Thaumaturge (level 9, -1/39 HPs)
             Began as a Vine Stalker Ice Elementalist on Dec 22, 2022.
             Was an Initiate of Dithmenos.
             Slain by Joseph
             ... wielding a +0 quarterstaff
              (9 damage)
             ... on level 7 of the Dungeon.
             The game lasted 00:23:23 (11021 turns).

Zonian the Thaumaturge (VSIE)                      Turns: 11021, Time: 00:23:24

Health: -1/39      AC:  4    Str: 11    XL:     9   Next: 86%
Magic:  0/23       EV: 12    Int: 19    God:    Dithmenos [......]
Gold:   220        SH:  0    Dex: 15    Spells: 15/27 levels left

rFire   . . .      SeeInvis .    i - +0 dagger (venom)
rCold   + . .      Faith    .    (no shield)
rNeg    . . .      Spirit   +    z - +1 leather armour {rC+}
rPois   +          Reflect  .    (no helmet)
rElec   .          Harm     .    (no cloak)
rCorr   .          Rampage  .    (no gloves)
Will    +....                    (no boots)
Stlth   ++........               f - amulet of the acrobat
HPRegen 1.06/turn                j - ring of poison resistance
MPRegen 0.18/turn                (no ring)

@: no status effects
A: fangs 3, regeneration 1, magic shield, antimagic bite, no potion heal 2
a: Renounce Religion


You were on level 7 of the Dungeon.
You worshipped Dithmenos.
Dithmenos was noncommittal.
You visited 1 branch of the dungeon, and saw 7 of its levels.

You collected 360 gold pieces.
You spent 140 gold pieces at shops.

Inventory:

Hand Weapons
 e - a +0 dagger
 i - a +0 dagger of venom (weapon)
 k - a +0 war axe
 o - a +1 dagger of speed
 y - a +0 trident of venom
 G - a +0 sling
Missiles
 p - 20 poisoned darts
 w - 6 javelins
 D - a throwing net
Armour
 a - a +0 robe
 z - a +1 leather armour of cold resistance (worn)
 E - a +2 scale mail of poison resistance
Magical Staves
 d - a staff of conjuration
Jewellery
 f - an amulet of the acrobat (around neck)
 j - a ring of poison resistance (left hand)
 B - a +4 ring of protection
Wands
 b - a wand of quicksilver (3)
 r - a wand of flame (13)
 x - a wand of polymorph (9)
Scrolls
 v - a scroll of poison
 A - a scroll of magic mapping
 C - a scroll of teleportation
 F - a scroll of enchant armour {unknown}
Potions
 c - 3 potions of might
 g - a potion of lignification
 h - 4 potions of heal wounds
 l - a potion of flight {unknown}
 m - a potion of cancellation {unknown}
 n - 2 potions of curing
 q - a potion of resistance {unknown}
 s - a potion of berserk rage {unknown}
 t - a potion of haste
 u - a potion of invisibility {unknown}


   Skills:
 - Level 2.1 Dodging
 - Level 3.4 Stealth
 + Level 9.6 Spellcasting
 + Level 6.1 Conjurations
 - Level 7.9 Ice Magic


You had 15 spell levels left.
You knew the following spells:

 Your Spells              Type           Power      Damage    Failure   Level
a - Freeze                Ice            100%       1d10      1%          1
b - Frozen Ramparts       Ice            78%        1d12      1%          3
c - Ozocubu's Armour      Ice            39%        N/A       1%          3
d - Magic Dart            Conj           100%       1d8       1%          1
e - Hailstorm             Conj/Ice       36%        3d9       1%          3
f - Kiss of Death         Conj/Necr      80%        2d11      2%          1

Your spell library contained the following spells:

 Spells                   Type           Power      Damage    Failure   Level
 Stone Arrow              Conj/Erth      40%        3d9       9%          3
 Sandblast                Erth           18%        2d7       11%         1
 Mephitic Cloud           Conj/Pois/Air  16%        N/A       13%         3
 Call Imp                 Summ           9%         N/A       16%         2
 Cigotuvi's Dreadful Rot  Necr/Pois/Air  18%        N/A       16%         2
 Passwall                 Tmut/Erth      7%         N/A       16%         2
 Poisonous Vapours        Pois/Air       18%        N/A       16%         2
 Sublimation of Blood     Necr           9%         N/A       16%         2
 Wereblood                Tmut           9%         N/A       16%         2
 Summon Ice Beast         Ice/Summ       24%        N/A       21%         4
 Fulminant Prism          Conj/Hex       10%        3d9       28%         4
 Iskenderun's Mystic Bla  Conj/Tloc      20%        2d6       28%         4
 Confusing Touch          Hex            9%         N/A       30%         3
 Kindle Blastsparks       Fire/Tloc/Air  18%        2d11      30%         3
 Dispel Undead            Necr           9%         3d8       71%         4
 Lee's Rapid Deconstruct  Erth           4%         3d5*      96%         5
 Summon Hydra             Summ           4%         N/A       100%        7


Dungeon Overview and Level Annotations

Branches:
Dungeon (7/15)             Temple (0/1) D:7

Altars:
Dithmenos
Kikubaaqudgha
Nemelex Xobeh
Qazlal
Uskayaw

Shops:
D:4 !

Annotations:
D:4 3 runed translucent doors, SirDiesAlot's ghost, amateur DEFE
D:7 Joseph


Innate Abilities, Weirdness & Mutations

You have razor-sharp teeth.
Your natural rate of healing is unusually fast.
When hurt, damage is shared between your health and your magic reserves.
Your bite disrupts and absorbs the magic of your enemies.
Potions cannot restore your health.


Message History

The bolt of dispelling energy hits Joseph!
Joseph is moderately wounded.
Joseph shoots a sling bullet.
The sling bullet hits you.
That's the wrong kind of item! (Use * to select it.) Evoke which item? (* to show all) (? for menu, Esc to quit)
Aiming: Quicksilver Bolt
Press: ? - help, Shift-Dir - straight line, f/p - Joseph
Aim: Joseph, wielding a +0 sling, wearing a +0 leather armour and carrying a wand of mindburst (12) (moderately wounded, 71% to hit)
The bolt of dispelling energy hits Joseph!
Joseph is severely wounded.
Joseph shoots a sling bullet.
The sling bullet hits you!
Aiming: Quicksilver Bolt
Press: ? - help, Shift-Dir - straight line, f/p - Joseph
Aim: Joseph, wielding a +0 sling, wearing a +0 leather armour and carrying a wand of mindburst (12) (severely wounded, 71% to hit)
The bolt of dispelling energy hits Joseph!
Joseph is severely wounded.
Unknown command.
Joseph shoots a sling bullet.
The sling bullet closely misses you.
Joseph unwields a +0 sling.
Joseph wields a +0 quarterstaff.
Joseph barely misses you.
Unknown command.
You closely miss Joseph. You bite Joseph, but do no damage.
Joseph is severely wounded.
You closely miss Joseph. You bite Joseph. You drain his power.
You feel invigorated.
Joseph is severely wounded.
Joseph hits you with a +0 quarterstaff!
Unknown command.
You closely miss Joseph.
Joseph is severely wounded.
Joseph zaps a wand.
Your mind is blasted!
Unknown command.
You completely miss Joseph.
Joseph is severely wounded.
Joseph hits you with a +0 quarterstaff!
* * * LOW HITPOINT WARNING * * *
You closely miss Joseph. Your bite misses Joseph.
Joseph is severely wounded.
Joseph hits you with a +0 quarterstaff!
You die...

###.#.#.# ##.## ......#.#
#.# ###.###.# #######.#
#.# #[# #######......#.#
#.###.###..............#
###.##...##.#.#.#.#.#.##.#
.........##...........##.#
###.##...##.#.......#.##.#
#.#######...!.@@....##.#
#.# ####.#...>...#.##.#
#.. ...............##.##
### ####.#.......#.##..#
#............#..# #
#.#.#.#.#.#.....# #
#............##.# #
##.##.#########.# # #....#
#.# #


You could see Joseph.

Vanquished Creatures
  5 yaks (D:6)
  Eustachio (D:5)
  2 water moccasins (D:7)
  A sky beast (D:7)
  An ice beast (D:7)
  A centaur (D:6)
  5 phantoms
  A kobold brigand (D:6)
  2 bullfrogs
  5 scorpions
  A necrophage (D:7)
  4 hounds
  2 jellies
  3 orc priests
  A gnoll bouda (D:7)
  Ijyb (D:5)
  5 iguanas
  3 orc wizards
  12 gnolls
  5 adders
  A worm (D:4)
  2 dart slugs
  13 orcs
  9 bats
  10 endoplasms
  10 giant cockroaches
  11 goblins
  14 hobgoblins
  10 jackals
  3 quokkas
  9 ball pythons
  13 kobolds
  A rat (D:1)
167 creatures vanquished.

Vanquished Creatures (others)
  A fungus (D:5)
1 creature vanquished.

Grand Total: 168 creatures vanquished

Notes
Turn   | Place    | Note
-------+----------+-------------------------------------------
     0 | D:1      | Zonian the Vine Stalker Ice Elementalist began the quest
                  | for the Orb.
     0 | D:1      | Reached XP level 1. HP: 9/9 MP: 4/4
   174 | D:1      | Reached XP level 2. HP: 12/13 MP: 3/6
   306 | D:1      | Reached XP level 3. HP: 16/16 MP: 1/7
   845 | D:1      | Found a faded altar of an unknown god.
   846 | D:1      | Noticed a floating eye
  1051 | D:1      | Noticed a shining eye
  1052 | D:1      | Noticed a floating eye
  1052 | D:1      | Noticed a floating eye
  1712 | D:2      | Gained mutation: Your natural rate of healing is unusually
                  | fast. [Vine Stalker growth]
  1712 | D:2      | Reached XP level 4. HP: 21/21 MP: 7/9
  1911 | D:2      | Learned a level 3 spell: Frozen Ramparts
  1915 | D:2      | Learned a level 3 spell: Ozocubu's Armour
  2000 | D:2      | Reached skill level 3 in Spellcasting
  3129 | D:3      | Found a stormy altar of Qazlal.
  3309 | D:3      | Noticed a phantom
  3571 | D:3      | Found a sparkling altar of Nemelex Xobeh.
  3694 | D:3      | Killed a phantom
  3695 | D:3      | Reached skill level 5 in Ice Magic
  3695 | D:3      | Reached XP level 5. HP: 18/24 MP: 7/11
  3895 | D:3      | Reached skill level 4 in Spellcasting
  4533 | D:3      | Reached XP level 6. HP: 17/28 MP: 5/13
  5030 | D:4      | Found Voriqeh's Distillery.
  5276 | D:4      | Bought a potion of haste for 140 gold pieces
  5347 | D:4      | Found a runed translucent gate.
  5349 | D:4      | Found a runed translucent gate.
  5349 | D:4      | Found a runed translucent gate.
  5491 | D:4      | Noticed SirDiesAlot's ghost (amateur DEFE)
  5787 | D:5      | Entered Level 5 of the Dungeon
  5929 | D:5      | Found an ancient bone altar of Kikubaaqudgha.
  5942 | D:5      | Learned a level 1 spell: Magic Dart
  6207 | D:5      | Noticed Ijyb
  6212 | D:5      | Reached skill level 5 in Spellcasting
  6212 | D:5      | Reached XP level 7. HP: 28/32 MP: 9/15
  6230 | D:5      | Killed Ijyb
  7336 | D:5      | Reached skill level 6 in Spellcasting
  7566 | D:5      | Gained mutation: You have razor-sharp teeth. [Vine Stalker
                  | growth]
  7566 | D:5      | Reached XP level 8. HP: 36/36 MP: 15/18
  7765 | D:5      | Noticed Eustachio
  7773 | D:5      | Found a hide-covered altar of Uskayaw.
  7792 | D:5      | Killed Eustachio
  8348 | D:6      | Reached skill level 7 in Spellcasting
  8427 | D:6      | Noticed a yak
  8443 | D:6      | Killed a yak
  8444 | D:6      | Reached skill level 1 in Conjurations
  9271 | D:6      | Reached skill level 8 in Spellcasting
  9271 | D:6      | Reached XP level 9. HP: 39/39 MP: 17/22
  9323 | D:6      | Learned a level 3 spell: Hailstorm
  9325 | D:6      | Learned a level 1 spell: Kiss of Death
  9586 | D:7      | Reached skill level 9 in Spellcasting
  9586 | D:7      | Reached skill level 5 in Conjurations
 10100 | D:7      | Found a shadowy altar of Dithmenos.
 10350 | D:7      | Became a worshipper of Dithmenos the Shadowed
 10920 | D:7      | Noticed Joseph
 10995 | D:7      | Found a staircase to the Ecumenical Temple.
 11021 | D:7      | Slain by Joseph

Illustrated notes

Levels and vault maps discovered:
D:1:      mrwooster_arrival_statue_2, layout_basic,
          hellmonk_ecumenical_altar_watching_god
D:2:      layout_loops_ring
D:3:      layout_loops_ring, marbit_many_paths, nicolae_qazlal_general_emergency
D:4:      layout_cave_pools, gammafunk_ghost_necromancy, serial_shops,
          nicolae_shop_behind_doors
D:5:      layout_rooms, nicolae_kikubaaqudgha_miasma_corner,
          nicolae_uskayaw_dance_hall, serial_aquarium,
          aquarium_bridge_long_joined [aquarium_subvault_bridge,
          aquarium_subvault_wall, aquarium_subvault_bridge,
          aquarium_subvault_window, aquarium_subvault_balcony,
          aquarium_subvault_bridge], aquarium_window_fake, aquarium_window_fake,
          aquarium_view_2b, aquarium_pool_1, hangedman_decor_opposing,
          uniq_ijyb, uniq_eustachio
D:6:      layout_loops_ring
D:7:      layout_loops_ring, nicolae_dithmenos_the_darkroom,
          chequers_temple_overflow_minitemple, minmay_temple_entry_glass,
          nrook_campfire, st_stairs_3, uniq_joseph

Skill      XL: |  1  2  3  4  5  6  7  8  9 |
---------------+----------------------------+-----
Stealth        | 3 |  3.4
Dodging        | 2 |  2.1
Spellcasting   | 3 4 5 6 8 9 |  9.6
Ice Magic      | 5 6 7 |  7.9
Conjurations   | 3 6 |  6.1

Action                   |  1- 3 |  4- 6 |  7- 9 || total
-------------------------+-------+-------+-------++-------
Melee: Dagger            |    31 |   233 |   191 ||   455
       Unarmed           |     1 |       |       ||     1
       Bite              |     7 |    72 |    64 ||   143
       Punch             |       |     1 |     3 ||     4
 Cast: Freeze            |    41 |    12 |       ||    53
       Ozocubu's Armour  |       |     1 |     4 ||     5
       Frozen Ramparts   |       |     3 |    25 ||    28
       Magic Dart        |       |       |     3 ||     3
       Hailstorm         |       |       |     1 ||     1
Evoke: Wand              |       |     7 |    14 ||    21
  Use: Scroll            |       |     8 |     4 ||    12
       Potion            |       |       |     1 ||     1
 Stab: Sleeping          |     3 |    12 |     3 ||    18
Armor: Robe              |    10 |    30 |     2 ||    42
       Leather armour    |       |       |    29 ||    29
Dodge: Dodged            |    41 |   137 |   104 ||   282

Table legend: (Time is in decaauts)
 A = Elapsed time spent in this place.
 B = Non-inter-level travel time spent in this place.
 C = Inter-level travel time spent in this place.
 D = Time resting spent in this place.
 E = Time spent auto-exploring this place.
 F = Levels seen in this place.
 G = Mean time per level.
                   A        B        C        D        E       F      G
               +--------+--------+--------+--------+--------+-----+--------+
         Total |  10979 |  10694 |    285 |   5119 |   3317 |   7 | 1568.4 |
       Dungeon |  10979 |  10694 |    285 |   5119 |   3317 |   7 | 1568.4 |
               +--------+--------+--------+--------+--------+-----+--------+

Top non-repeatable levels by time:
     D:3: 2276 daAuts
     D:5: 2247 daAuts
     D:6: 1640 daAuts
     D:1: 1492 daAuts
     D:7: 1126 daAuts
     D:4: 1112 daAuts
     D:2: 1084 daAuts
